Workbook

Sheet RESUMO - DIFIN
A2: Planejamento Orçamentário 2026 - FERD
A4: Despesa | B4: Ação | C4: FR | D4: Valor/ano
A5: 3.3.90.08.07- Outros Beneficios Assistenciais (Educação Infantil) | B5: 0004 | C5: 1760 | D5: ='Elementação FERD 2027'!F48 -> 800000
B6: 0006 | D6: ='Elementação FERD 2027'!F82 -> 115000
B7: 0135 | D7: ='Elementação FERD 2027'!F207 -> 185000
A8: Total | D8: =D5+D6+D7 -> 1100000
A10: 3.3.90.36 - Outros Serv Terceiros - P Física (Perícias Judiciais) | B10: 0004 | C10: 1760 | D10: ='Elementação FERD 2027'!F13 -> 2592960
A12: 3.3.90.37 - Multserv | B12: 0004 | C12: 1760 | D12: ='Elementação FERD 2027'!F16 -> 5840080
B13: 0135 | D13: ='Elementação FERD 2027'!F174 -> 8959920
A14: 3.3.90.37 - Unir Locações | D14: ='Elementação FERD 2027'!F175 -> 2505309
A15: 3.3.90.37 - Multseg | B15: 0004 | D15: ='Elementação FERD 2027'!F17 -> 0
A16: 3.3.90.37 - Jorge Henrique | D16: ='Elementação FERD 2027'!F18 -> 470509
A18: 3.3.90.46 - Auxílio Alimentação | B18: 0004 | C18: 1760 | D18: ='Elementação FERD 2027'!F50 -> 16698492
B19: 0006 | D19: ='Elementação FERD 2027'!F83 -> 2587956
B20: 0135 | D20: ='Elementação FERD 2027'!F208 -> 5360772
A21: Total | D21: =D18+D19+D20 -> 24647220
A23: 3.3.90.47 - Obrigações Tributárias e Contributivas - PIS/PASEP e INSS | B23: 0135 | C23: 1760 | D23: ='Elementação FERD 2027'!F190 -> 2127497
A25: 3.3.90.93 - Bolsa Estudo | B25: 0004 | C25: 1760 | D25: ='Elementação FERD 2027'!F54 -> 800000
B26: 0006 | D26: ='Elementação FERD 2027'!F86 -> 100000
B27: 0135 | D27: ='Elementação FERD 2027'!F213 -> 300000
A28: Total | D28: =D25+D26+D27 -> 1200000
A30: 3.3.90.93 - Auxílio Saúde Inativos | B30: 0135 | C30: 1759 | D30: ='Elementação FERD 2027'!F212 -> 29260674
A32: Mudanças de Contratos Contínuos de Ação
A33: Fornecedor | B33: Nº Contrato | C33: Valor | D33: De | E33: Para
A34: GRAPHO PRODUTOS | B34: 31/2023 | C34: 280000 | D34: 0008 | E34: 1296
A35: HUMFRIL | B35: 68/2022 | C35: 1800000 | D35: 0135
A36: MARCOS AURELIO | B36: 08/2023 | C36: 20000
A37: ENGENHARIA SANT’ANA | B37: 41/2024 | C37: 300000 | D37: 0004
A38: MULTSEG | B38: 59/2025 | C38: 17000000 | D38: 0004 | E38: 1297

Sheet Elementação FERD 2027
B1: TRIBUNAL DE JUSTIÇA DO ESTADO DE SERGIPE | E1: Posição: | F1: 46260
B2: SECRETARIA DE FINANÇAS E ORÇAMENTO - SEFINOR | E2: Exercício: | F2: 2027 | K2: =L2+L26 -> 6170775 | L2: =F157+F180+F181+F182 -> 3472514 | M2: Novas Demandas
B3: DIRETORIA DE ORÇAMENTO - DIOR | E3: Reajuste | F3: 1.0533 | L3: =J16+J69+J167-L6-L8 -> 21332803 | N3: Contrato
B4: Proposta Orçamentária 2027 - QUADRO DETALHADO DA DESPESA - FERD | L4: =J17+J70+J168-L13-L14+F196+F123 -> 1217804.8 | N4: Estimativa
B5: Despesa por Projeto/Atividade e Elementação da Despesa | L5: =J18+J71+J169+F12+F156+F130 -> 3324125 | N5: Ordinário | O5: Atas, inexigibilidade e contratação direta
L6: =F16+F174 -> 14800000 | M6: Multserv
A7: CLASSIFICAÇÃO FUNCIONAL PROGRAMÁTICA | C7: FR | D7: Média/m | E7: Valor/mês | F7: Valor/ano | L7: =F146 -> 17000000 | M7: Multseg
D8: Liquidada/2023 | E8: =F2 -> 2027 | F8: =F2 -> 2027 | L8: =F175 -> 2505309 | M8: Locação de Veículos
A9: 02.061.0006 | B9: 0004 - Prestação Jurisdicional do 1º Grau | E9: =E30+E31+E34+E35 -> 1438610.8 | F9: =F30+F31+F34+F35 -> 17263330 | G9: OK - i-gesp | H9: =(F9+F46)/E304 -> 0.20675478 | L9: =F48+F82+F207 -> 1100000 | M9: Aux. Educ. Infantil
B10: 3.3.90.30 - Material de Consumo | C10: 1759 | D10: 2000 | E10: 0 | F10: =E10*12 -> 0 | G10: Discricionária | H10: Ainda não houve em 2025, deixei o mesmo valor | L10: =F54+F86+F213 -> 1200000 | M10: Bolsa Estudo
C11: 1760 | D11: 15000 | E11: =F11/12 -> 35000 | F11: =420000 -> 420000 | L11: =F50+F83+F208 -> 24647220 | M11: Aux. Alimentação
B12: 3.3.90.36 - Outros Serv Terceiros - P Física (Perícias Judiciais) | C12: 1759 | D12: 0 | E12: 0 | F12: =E12*12 -> 0 | G12: Discricionária | H12: Valor solicitado nas demandas | L12: =F212 -> 29260674 | M12: Aux. Saúde Inativos
C13: 1760 | D13: 110000 | E13: =F13/12 -> 216080 | F13: 2592960 | L13: =F13 -> 2592960 | M13: Perícias
B14: 3.3.90.37 - Locação de Mão de Obra(Multiserv/Multiseg/Prod Jornal) | C14: 1759 | D14: 0 | E14: 0 | F14: =E14*12 -> 0 | G14: Discricionária | L14: =F190 -> 2127497 | M14: Obr. Tributárias
C15: 1760 | D15: 1000000 | E15: =SUM(E16:E18) -> 525882.42 | F15: =E15*12 -> 6310589 | L15: =F33 -> 166210 | M15: Investimentos 1º
B16: 3.3.90.37.01 - Multserv - 39,46% | E16: =F16/12 -> 486673.33 | F16: =14800000*39.46% -> 5840080 | G16: =F16+F174 -> 14800000 | I16: Contrato | J16: =F15+F21+F24 -> 14034655 | L16: =F72 -> 110807 | M16: Investimentos 2º
I17: Estimativa | J17: =F13+F28+F22 -> 2642465 | L17: =F96 -> 10419195 | M17: Notários
B18: 3.3.90.37.07 - Jorge Henrique | E18: =F18/12 -> 39209.083 | F18: =446700*F3-0.11 -> 470509 | I18: Ordinário | J18: =F11 -> 420000 | K18: Atas, inexig. e CD | L18: =F105 -> 55400 | M18: Construção
B19: 3.3.90.39 - Outros Serv Terceiros - P Jurídica | C19: 1759 | D19: 3000 | E19: =E22 -> 4125.4167 | F19: =E19*12 -> 49505 | G19: Discricionária | I19: 4.4.90 - Investimento | J19: =F33 -> 166210 | L19: =F113 -> 55400 | M19: Ampliação
C20: 1760 | E20: =E21 -> 572047.75 | F20: =8416000*F3-2000000+0.2 -> 6864573 | J20: =J16+J17+J18+J19 -> 17263330 | K20: =K17 -> 0 | L20: =F121 -> 1000000 | M20: Reforma
B21: 01 - Contratos | E21: =F21/12 -> 572047.75 | F21: =F20 -> 6864573 | J21: =J20+K20 -> 17263330 | L21: =F153-F156-F157 -> 0 | M21: Aparelhamento
B22: 02 - Estimativas - SAAE e Serviços Bancários | E22: =F22/12 -> 4125.4167 | F22: =(47000*F3)+0.19-0.29 -> 49505 | L22: =F224 -> 15094870 | M22: Manutenção de TI
B23: 3.3.90.40 - Serviços de Tecnologia da Informação e Comunicação - P. Jurídica | C23: 1759 | D23: 0 | E23: 0 | F23: 0 | G23: Discricionária | L23: =F249 -> 2833720 | M23: Ampliação de TI
C24: 1760 | D24: 133000 | E24: =68000*F3 -> 71624.4 | F24: =E24*12+0.2 -> 859493 | L24: =F270 -> 3500000 | M24: Segurança Cibernética
B25: 3.3.90.92 - Despesas de Exercícios Anteriores | C25: 1759 | D25: 0 | E25: 0 | F25: =E25*12 -> 0 | G25: Discricionária | L25: =F281 -> 1711130 | M25: Ejuse
C26: 1760 | D26: 5000 | E26: 0 | F26: 0 | L26: =F149-L7 -> 2698261 | M26: Gestão e Manutenção da Segurança
B27: 3.3.90.93 - Indenizações e Restituições | C27: 1759 | D27: 35000 | E27: 0 | F27: 0 | G27: Obrigatória | L27: =F132 -> 8773100 | M27: Manutenção Predial
C28: 1760 | D28: 0 | E28: =SUM(E29:E29) -> 0 | F28: =E28*12 -> 0 | L28: =F165 -> 2000000 | M28: CNJ
B29: 3.3.90.93.02 - Restituições | H29: Não foi colocado previsão inicial para restituição dos interinos | L29: =SUM(L2:L28) -> 1.72999e+08
B30: Sub-total - 3.3.90.00.00-FR 1759 | D30: =#REF!+D10+D12+D19+#REF!+D23+#REF!+D25+D27 -> #REF! | E30: =E10+E12+E14+E19+E23+E25+E27 -> 4125.4167 | F30: =F10+F12+F14+F19+F23+F25+F27 -> 49505 | L30: =172000000 -> 172000000
B31: Sub-total - 3.3.90.00.00-FR 1760 | D31: =#REF!+D11+D13+D20+#REF!+D24+#REF!+D26+D28 -> #REF! | E31: =E11+E13+E20+E15+E24+E26+E28 -> 1420634.6 | F31: =F11+F13+F20+F15+F24+F26+F28 -> 17047615 | L31: =L30-L29 -> -999000
B32: 4.4.90.52- Equipamentos e Material Permanente | C32: 1759 | E32: 0 | F32: 0 | G32: Discricionária | L32: =L3+L6+L7+L8+L22+L23+L24 -> 77066702
C33: 1760 | D33: 10000 | E33: =F33/12 -> 13850.833 | F33: =157800*F3-0.74 -> 166210
B34: Sub-total 4.4.90.00 - FR 1759 | D34: 0 | E34: =E32 -> 0 | F34: =F32 -> 0
B35: Sub-total 4.4.90.00 - FR 1760 | D35: =D33 -> 10000 | E35: =E33 -> 13850.833 | F35: =F33 -> 166210
C36: 1759 | E36: Obrigatória – 3.3 | F36: =F27 -> 0
E37: Discricionária 3.3 | F37: =F10+F12+F14+F19+F23+F25 -> 49505 | G37: =F36+F37+F38 -> 49505
E38: Discricionária 4.4 | F38: =F32 -> 0
C39: 1760 | E39: Obrigatória – 3.3 | F39: =F28 -> 0
E40: Discricionária 3.3 | F40: =F11+F13+F15+F20+F24+F26 -> 17047615 | G40: =F39+F40+F41 -> 17213825
E41: Discricionária 4.4 | F41: =F33 -> 166210
A44: CLASSIFICAÇÃO FUNCIONAL PROGRAMÁTICA | C44: FR | D44: Média/m | E44: Valor/mês | F44: Valor/ano
D45: Liquidada/2023 | E45: =F2 -> 2027 | F45: =F2 -> 2027
A46: 02.122.0040 | B46: 1293 - Gestão de Auxílios e Benefícios Assistenciais do 1º Grau | E46: =E55+E56 -> 2916415.3 | F46: =F55+F56 -> 18298492 | G46: OK - i-gesp
B47: 3.3.90.08.07- Outros Beneficios Assistenciais (Educação Infantil) | C47: 1759 | D47: 64000 | E47: 0 | F47: 0 | G47: Obrigatória
C48: 1760 | D48: 0 | E48: =F48/12 -> 66666.667 | F48: =855000-55000 -> 800000 | I48: =E50 -> 2783082 | J48: =F50 -> 16698492 | K48: De acordo com os valores passados por Andrea
B49: 3.3.90.46 - Auxílio Alimentação | C49: 1759 | D49: 400000 | E49: 0 | F49: =E49*10 -> 0 | G49: Obrigatória | I49: =E83 -> 431326 | J49: =F83 -> 2587956
C50: 1760 | E50: 2783082 | F50: =E50*6 -> 16698492 | H50: 6 meses | I50: =E208 -> 893462 | J50: =F208 -> 5360772
B51: 3.3.90.93 - Indenizações e Restituições (Bolsa Estudo e Aux. Saúde ativos) | C51: 1759 | D51: 35000 | E51: 0 | F51: 0 | G51: Obrigatória | I51: =I48+I49+I50 -> 4107870 | J51: =J48+J49+J50 -> 24647220
C52: 1760 | D52: 0 | E52: =SUM(E53:E54) -> 66666.667 | F52: =E52*12 -> 800000
B53: 3.3.90.93.06 - Auxílio Saúde Ativos | H53: Todo pelo Tesouro
B54: 3.3.90.93.09 - Bolsa Estudo | E54: =F54/12 -> 66666.667 | F54: =980000-180000 -> 800000
B55: Sub-total - 3.3.90.00.00-FR 1759 | D55: =D30+D32+D34+D41+#REF!+D46+D48+D50+D52 -> #REF! | E55: =E47+E49+E51 -> 0 | F55: =F47+F49+F51 -> 0
B56: Sub-total - 3.3.90.00.00-FR 1760 | D56: =D31+D33+D35+D42+#REF!+D47+D49+D51+D53 -> #REF! | E56: =E48+E50+E52 -> 2916415.3 | F56: =F48+F50+F52 -> 18298492
C57: 1759 | E57: Obrigatória – 3.3 | F57: =F47+F49+F51 -> 0
E58: Discricionária 3.3 | F58: 0
E59: Discricionária 4.4 | F59: 0 | G59: =F57+F58+F59 -> 0
C60: 1760 | E60: Obrigatória – 3.3 | F60: =F48+F50+F52 -> 18298492
E61: Discricionária 3.3 | F61: 0
E62: Discricionária 4.4 | F62: 0 | G62: =F60+F61+F62 -> 18298492
G63: =G37+G40+G59+G62 -> 35561822 | H63: Total no 1º Grau
A65: CLASSIFICAÇÃO FUNCIONAL PROGRAMÁTICA | C65: FR | D65: Média/m | E65: Valor/m | F65: Valor/ano
D66: Liquidada/2023 | E66: =F2 -> 2027 | F66: =F2 -> 2027
A67: 02.061.0006 | B67: 0006 - Prestação Jurisdicional do 2º Grau | E67: =E70+E72 -> 51365.917 | F67: =F70+F72 -> 616391 | G67: OK - i-gesp | H67: =(F67+F81)/E304 -> 0.019879924
B68: 3.3.90.39 - Outros Serv Terceiros - P Jurídica | C68: 1760 | D68: 27000 | E68: =F68/12 -> 42132 | F68: =524543-4-18955 -> 505584 | G68: Discricionária
B69: 3.3.90.92 - Despesas de Exercícios Anteriores | C69: 1760 | D69: 0 | E69: 0 | F69: 0 | G69: Discricionária | I69: Contrato | J69: =F68 -> 505584
B70: Sub-total - 3.3.90.00.00-FR 1760 | D70: =D68+#REF! -> #REF! | E70: =E68+E69 -> 42132 | F70: =F68+F69 -> 505584 | I70: Estimativa
B71: 4.4.90.52- Equipamentos e Material Permanente | C71: 1760 | E71: =F71/12 -> 9233.9167 | F71: =105200*F3-0.16 -> 110807 | G71: Discricionária | I71: Ordinário | K71: Atas, inexigibilidade e contratação direta
B72: Sub-total 4.4.90.00 - FR 1760 | D72: =#REF!+#REF! -> #REF! | E72: =E71 -> 9233.9167 | F72: =F71 -> 110807 | I72: 4.4.90 - Investimento | J72: =F71 -> 110807
C73: 1760 | E73: Obrigatória – 3.3 | F73: 0 | J73: =J69+J70+J71+J72 -> 616391 | K73: =K70 -> 0
E74: Discricionária 3.3 | F74: =F68 -> 505584 | J74: =J73+K73 -> 616391
E75: Obrigatória – 4.4 | F75: 0
E76: Discricionária 4.4 | F76: =F71 -> 110807 | G76: =F73+F74+F75+F76 -> 616391
A79: CLASSIFICAÇÃO FUNCIONAL PROGRAMÁTICA | C79: FR | D79: Média/m | E79: Valor/mês | F79: Valor/ano
D80: Liquidada/2023 | E80: =F2 -> 2027 | F80: =F2 -> 2027
A81: 02.122.0040 | B81: 1294 - Gestão de Auxílios e Benefícios Assistenciais do 2º Grau | E81: =E87 -> 449242.67 | F81: =F87 -> 2802956 | G81: OK - i-gesp
B82: 3.3.90.08.07- Outros Beneficios Assistenciais (Educ Infantil) | C82: 1760 | D82: 7500 | E82: =F82/12 -> 9583.3333 | F82: =120000-5000 -> 115000 | G82: Obrigatória
B83: 3.3.90.46 - Auxílio Alimentação | C83: 1760 | E83: 431326 | F83: =E83*6 -> 2587956 | G83: Obrigatória | H83: 6 meses
B84: 3.3.90.93 - Indenizações e Restituições (Bolsa Estudo e Aux. Saúde ativos) | C84: 1760 | D84: 3400 | E84: =E85+E86 -> 8333.3333 | F84: =E84*12 -> 100000 | G84: Obrigatória
B85: 3.3.90.93.06 - Auxílio Saúde Ativos | G85: Todo pelo Tesouro
B86: 3.3.90.93.09 - Bolsa Estudo | E86: =F86/12 -> 8333.3333 | F86: =100000 -> 100000
B87: Sub-total - 3.3.90.00.00-FR 1760 | D87: =D63+D65+D67+D74+#REF!+D79+D81+D83+D85 -> #VALUE! | E87: =E82+E83+E84 -> 449242.67 | F87: =F82+F83+F84 -> 2802956
C88: 1760 | E88: Obrigatória – 3.3 | F88: =F82+F83+F84 -> 2802956
E89: Discricionária 3.3 | F89: 0
E90: Obrigatória – 4.4 | F90: 0
E91: Discricionária 4.4 | F91: 0 | G91: =F88+F89+F90+F91 -> 2802956
G92: =G76+G91 -> 3419347 | H92: Total no 2º Grau
A94: CLASSIFICAÇÃO FUNCIONAL PROGRAMÁTICA | C94: FR | D94: Média/m | E94: Valor/m | F94: Valor/ano
D95: Liquidada/2023 | E95: =F2 -> 2027 | F95: =F2 -> 2027
A96: 02.061.0006 | B96: 0007 - Fundo de Apoio ao Registro Civil | E96: =E97 -> 868266.25 | F96: =F97 -> 10419195 | G96: OK - i-gesp
B97: 3.3.90.93 - Despesas de Exercícios Anteriores | C97: 1759 | D97: 547200 | E97: =F97/12 -> 868266.25 | F97: 10419195 | G97: Obrigatória
B98: Sub-total - 3.3.90.00.00-FR 1759 | D98: =D97 -> 547200 | E98: =E97 -> 868266.25 | F98: =F97 -> 10419195
C99: 1759 | E99: Obrigatória – 3.3 | F99: =F97 -> 10419195
E100: Discricionária 3.3 | F100: 0 | G100: =F99+F100 -> 10419195
A103: CLASSIFICAÇÃO FUNCIONAL PROGRAMÁTICA | C103: FR | D103: Média/m | E103: Valor/m | F103: Valor/ano
D104: Liquidada/2023 | E104: =F2 -> 2027 | F104: =F2 -> 2027
A105: 02.061.0006 | B105: 0005 - Ampliação de Unidades do Poder Judiciário | E105: =E106 -> 4616.6667 | F105: =F106 -> 55400 | G105: OK - i-gesp
B106: 4.4.90.51 - Obras e Instalações | C106: 1760 | D106: 0 | E106: =F106/12 -> 4616.6667 | F106: =52600*F3-3.58 -> 55400 | G106: Discricionária
B107: Sub-total - 4.4.90.00 - FR 1760 | D107: =D106 -> 0 | E107: =E106 -> 4616.6667 | F107: =F106 -> 55400
C108: 1760 | E108: Discricionária 4.4 | F108: =F106 -> 55400 | G108: =F108 -> 55400
...

Sheet ElementaçãoTesouro 2027
B1: TRIBUNAL DE JUSTIÇA DO ESTADO DE SERGIPE | F1: Posição: | G1: 46267
B2: SECRETARIA DE FINANÇAS E ORÇAMENTO - SEFINOR | F2: Exercício: | G2: 2027
B3: DIRETORIA DE ORÇAMENTO - DIOR
B4: Proposta Orçamentária 2027 - QUADRO DETALHADO DA DESPESA/TJ
B5: Despesa por Projeto/Atividade e Elementação da Despesa
E6: Reajuste Serv
A7: RECURSOS DO TESOURO
A8: CLASSIFICAÇÃO FUNCIONAL PROGRAMÁTICA | C8: FR | D8: DESPESA | E8: DESPESA/m | F8: Valor/mês | G8: Valor/ano
D9: FIXADA/2023 | E9: BASE EXEC/2023 | F9: =G2 -> 2027 | G9: =G2 -> 2027
A10: 02.061.0006 | B10: 0014 - Prestação Jurisdicional do 1º Grau | F10: =F18+F20+F26 -> 41841330 | G10: =G18+G20+G26 -> 508446790
A11: PESSOAL E ENCARGOS | D11: 3000
A12: =G18+G20 -> 497453790 | B12: 3.1.90.11 - Vencimentos e Vantagens Fixas | C12: 1500 | D12: =191000000+1000000 -> 192000000 | F12: =G12/12 -> 34282308 | G12: 411387702 | I12: Obrigatória
B13: 3.1.90.13 - Obrigações Patronais | C13: 1500 | D13: =2600000+1000000 -> 3600000 | F13: =G13/13 -> 257495 | G13: 3347435 | I13: Obrigatória
B14: 3.1.90.16 - Outras Despesas Variaveis - Pessoal Civil (Mutirão) | C14: 1500 | D14: 500000 | F14: =G14/12 -> 183773.33 | G14: 2205280 | I14: Obrigatória
B15: 3.1.90.92 - Despesas Exercícios Anteriores | C15: 1500 | D15: 14400000 | F15: =G15/12 -> 16666.667 | G15: 200000 | I15: Obrigatória
B16: 3.1.90.94 - Indeniz. e Restituições Trabalhistas | C16: 1500 | D16: 2000000 | F16: =G16/12 -> 91666.667 | G16: 1100000 | I16: Obrigatória
B17: 3.1.90.96 - Ressarcimento Pessoal Requisitado | C17: 1500 | I17: Obrigatória
B18: Sub-total - 3.1.90.00.00 | D18: =SUM(D11:D16) -> 212503000 | E18: =SUM(E11:E17) -> 0 | F18: =SUM(F11:F17) -> 34831910 | G18: =SUM(G11:G17) -> 418240417
B19: 3.1.91.13 - Obrigações Patronais | C19: 1500 | D19: =22715000+5000000 -> 27715000 | F19: =G19/13 -> 6093336.4 | G19: 79213373 | I19: Obrigatória
B20: Sub-total - 3.1.91.00.00 | D20: =D19 -> 27715000 | E20: =E19 -> 0 | F20: =F19 -> 6093336.4 | G20: =G19 -> 79213373
A21: OUTRAS DESP CORRENTES | D21: 5400000 | E21: 3000
A22: =G26 -> 10993000 | B22: 3.3.90.14 - Diárias | C22: 1500 | D22: 210000 | E22: 20000 | F22: =G22/12 -> 29166.667 | G22: 350000 | I22: Discricionária
B23: 3.3.90.31 - Premiação | C23: 1500 | F23: =G23/12 -> 600000 | G23: 7200000 | I23: Discricionária
B24: 3.3.90.36 - Outros Serviços Terceiros - PF (ESTAGIÁRIOS) | C24: 1500 | D24: 2600000 | E24: =1900000/8 -> 237500 | F24: =G24/12 -> 284416.67 | G24: 3413000 | I24: Discricionária
B25: 3.3.90.92 - Despesas Exercícios Anteriores | C25: 1500 | E25: 0 | F25: =G25/12 -> 2500 | G25: 30000 | I25: Discricionária
B26: Sub-total - 3.3.90.00.00 | D26: =SUM(D21:D25) -> 8210000 | E26: =SUM(E21:E25) -> 260500 | F26: =SUM(F21:F25) -> 916083.33 | G26: =SUM(G21:G25) -> 10993000
F27: Obrigatória 3.1 | G27: =G11+G12+G13+G14+G15+G16+G17+G19 -> 497453790
F28: Discricionária 3.3 | G28: =G22+G23+G24+G25 -> 10993000
A30: CLASSIFICAÇÃO FUNCIONAL PROGRAMÁTICA | C30: FR | D30: DESPESA | E30: DESPESA/m | F30: Valor/mês | G30: Valor/ano
D31: FIXADA/2023 | E31: BASE EXEC/2023 | F31: =G2 -> 2027 | G31: =G2 -> 2027
A32: 02.061.0006 | B32: 0013 - Prestação Jurisdicional do 2º Grau | F32: =F39+F41+F47 -> 8664726.2 | G32: =G39+G41+G47 -> 105185620
A33: PESSOAL E ENCARGOS | B33: 3.1.90.11 - Vencimentos e Vantagens Fixas | C33: 1500 | D33: 41497000 | F33: =G33/12 -> 7017736.7 | G33: 84212840 | I33: Obrigatória
A34: =G39+G41 -> 101113620 | B34: 3.1.90.13 - Obrigações Patronais | C34: 1500 | D34: 900000 | F34: =G34/13 -> 63060 | G34: 819780 | I34: Obrigatória
B35: 3.1.90.16 - Outras Despesas Variaveis - Pessoal Civil (Mutirão/hora aula/Premiação) | C35: 1500 | D35: 150000 | F35: =G35/12 -> 69583.333 | G35: 835000 | I35: Obrigatória
B36: 3.1.90.92 - Despesas de Exercícios Anteriores | C36: 1500 | F36: =G36/12 -> 4166.6667 | G36: 50000 | I36: Obrigatória
B37: 3.1.90.94 - Indenizações e Restituições Trabalhistas | C37: 1500 | D37: =2300000-718000 -> 1582000 | F37: =G37/12 -> 25000 | G37: 300000 | I37: Obrigatória
B38: 3.1.90.96 - Ressarcimento de Pessoal Requisitado | C38: 1500 | F38: 0 | G38: =F38*12 -> 0 | I38: Obrigatória
B39: Sub-total - 3.1.90.00.00 | D39: =SUM(D33:D37) -> 44129000 | E39: =SUM(E33:E38) -> 0 | F39: =SUM(F33:F38) -> 7179546.7 | G39: =SUM(G33:G38) -> 86217620
B40: 3.1.91.13 - Obrigações Patronais | C40: 1500 | D40: 4146850 | F40: =G40/13 -> 1145846.2 | G40: 14896000 | I40: Obrigatória
B41: Sub-total - 3.1.91.00.00 | D41: =D40 -> 4146850 | E41: =E40 -> 0 | F41: =F40 -> 1145846.2 | G41: =G40 -> 14896000
A42: OUTRAS DESP CORRENTES | D42: 660000 | E42: 0
A43: =G47 -> 4072000 | B43: 3.3.90.14 - Diárias | C43: 1500 | D43: 80000 | E43: 7500 | F43: =G43/12 -> 17500 | G43: 210000 | I43: Discricionária
B44: 3.3.90.31 - Premiação | C44: 1500 | F44: =G44/12 -> 300000 | G44: 3600000 | I44: Discricionária
B45: 3.3.90.36 - Outros Serviços Terceiros - PF (Estagiários) | C45: 1500 | D45: 400000 | E45: 13750 | F45: =G45/12 -> 21000 | G45: 252000 | I45: Discricionária
B46: 3.3.90.92 - Despesas Exercícios Anteriores - DEA | C46: 1500 | D46: 100000 | E46: 0 | F46: =G46/12 -> 833.33333 | G46: 10000 | I46: Discricionária
B47: Sub-total - 3.3.90.00.00 | D47: =SUM(D42:D46) -> 1240000 | E47: =SUM(E42:E46) -> 21250 | F47: =SUM(F42:F46) -> 339333.33 | G47: =SUM(G42:G46) -> 4072000
F48: Obrigatória 3.1 | G48: =G33+G34+G35+G37+G38+G40+G36 -> 101113620
F49: Discricionária 3.3 | G49: =G43+G44+G45+G46 -> 4072000
A51: CLASSIFICAÇÃO FUNCIONAL PROGRAMÁTICA | C51: FR | D51: DESPESA | E51: DESPESA/m | F51: Valor/mês | G51: Valor/ano
D52: FIXADA/2023 | E52: BASE EXEC/2023 | F52: =G2 -> 2027 | G52: =G2 -> 2027
A53: 02.128.0006 | B53: 0015 - ESCOLA JUDICIAL DO ESTADO DE SERGIPE – EJUSE | F53: =F57 -> 8141.0833 | G53: =G57+G55 -> 826815
A54: =G55 -> 729122 | B54: 3.1.90.16 - Outras Despesas Variaveis - Pessoal Civil (Mutirão) | C54: 1500 | F54: =G54/12 -> 60760.167 | G54: 729122 | I54: Obrigatória
B55: Sub-total - 3.1.90.00.00 | F55: =F54 -> 60760.167 | G55: =G54 -> 729122
A56: =G57 -> 97693 | B56: 3.3.90.14 - Diárias | C56: 1500 | D56: 120000 | F56: =G56/12 -> 8141.0833 | G56: 97693 | I56: Discricionária
B57: Sub-total - 3.3.90.00.00 | D57: =SUM(D56:D56) -> 120000 | E57: =SUM(E56:E56) -> 0 | F57: =SUM(F56:F56) -> 8141.0833 | G57: =SUM(G56:G56) -> 97693
F58: Obrigatória 3.1 | G58: =G54 -> 729122
F59: Discricionária 3.3 | G59: =G56 -> 97693
A61: CLASSIFICAÇÃO FUNCIONAL PROGRAMÁTICA | C61: FR | D61: DESPESA | E61: DESPESA/m | F61: Valor/mês | G61: Valor/ano
D62: FIXADA/2023 | E62: BASE EXEC/2023 | F62: =G2 -> 2027 | G62: =G2 -> 2027
A63: 02.061.0006 | B63: 0017 - IMPLEMENTAÇÃO DAS AÇÕES DA CORREGEDORIA GERAL DE JUSTIÇA | F63: =F65+F69+F71 -> 58333.333 | G63: =G65+G69+G71 -> 700000
A64: =G65 -> 375700 | B64: 3.1.90.16 - Outras Despesas Variaveis - Pessoal Civil (Mutirão) | C64: 1500 | F64: =G64/12 -> 31308.333 | G64: 375700 | I64: Obrigatória
B65: Sub-total - 3.1.90.00.00 | F65: =F64 -> 31308.333 | G65: =G64 -> 375700
A66: =G69 -> 196154 | B66: 3.3.90.14 - Diárias | C66: 1500 | D66: 120000 | F66: =G66/12 -> 4583.3333 | G66: 55000 | I66: Discricionária
B67: 3.3.90.30 - Material de Consumo | C67: 1500 | D67: 90000 | F67: 0 | G67: =F67*12 -> 0 | I67: Discricionária
B68: 3.3.90.33 - Passagens e Despesas com Locomoção | C68: 1500 | D68: 30000 | F68: =G68/12 -> 11762.833 | G68: 141154 | I68: Discricionária
B69: Sub-total - 3.3.90.00.00 | D69: =SUM(D66:D68) -> 240000 | E69: =SUM(E66:E68) -> 0 | F69: =SUM(F66:F68) -> 16346.167 | G69: =SUM(G66:G68) -> 196154
A70: =G71 -> 128146 | B70: 4.4.90.52 - Equipamento e Material Permanente | C70: 1500 | D70: 50000 | E70: 0 | F70: =G70/12 -> 10678.833 | G70: 128146 | I70: Discricionária
B71: Sub-total -4.4.90.00 | D71: =D70 -> 50000 | E71: =E70 -> 0 | F71: =F70 -> 10678.833 | G71: =G70 -> 128146
F72: Obrigatória 3.1 | G72: =G64 -> 375700
F73: Discricionária 3.3 | G73: =G66+G67+G68 -> 196154
F74: Discricionária 4.4 | G74: =G70 -> 128146
A76: CLASSIFICAÇÃO FUNCIONAL PROGRAMÁTICA | C76: FR | D76: DESPESA | E76: DESPESA/m | F76: Valor/mês | G76: Valor/ano
D77: FIXADA/2023 | E77: BASE EXEC/2023 | F77: =G2 -> 2027 | G77: =G2 -> 2027
A78: 02.272.0042 | B78: 0144 - APORTE PARA Cobertura do Déficit Previdenciário FINANCEIRO DO RPPS/SE | F78: =F79 -> 663750 | G78: =G80 -> 7965000
A79: =G80 -> 7965000 | B79: 3.1.91.13 - Obrigaçãoes Patronais | C79: 1500 | E79: 450000 | F79: =G79/12 -> 663750 | G79: 7965000 | I79: Obrigatória
B80: Sub-total - 3.1.91.00.00 | E80: =E79 -> 450000 | F80: =F79 -> 663750 | G80: =G79 -> 7965000
F81: Obrigatória 3.1 | G81: =G79 -> 7965000
A83: CLASSIFICAÇÃO FUNCIONAL PROGRAMÁTICA | C83: FR | D83: DESPESA | E83: DESPESA/m | F83: Valor/mês | G83: Valor/ano
D84: FIXADA/2023 | E84: BASE EXEC/2023 | F84: =G2 -> 2027 | G84: =G2 -> 2027
A85: 02.122.0040 | B85: 0141 - MANUTENÇÃO DOS SERVIÇOS ADMINISTRATIVOS | F85: =F93+F95+F103 -> 16319831 | G85: =G93+G95+G103+G105 -> 198254116
A86: PESSOAL E ENCARGOS | D86: 3000
A87: =G93+G95 -> 195808116 | B87: 3.1.90.11 - Vencimentos e Vantagens Fixas | C87: 1500 | D87: 92000000 | F87: =G87/12 -> 13680180 | G87: 164162166 | I87: Obrigatória
B88: 3.1.90.13 - Obrigações Patronais | C88: 1500 | D88: =6000000-517000 -> 5483000 | F88: =G88/13 -> 264923.08 | G88: 3444000 | I88: Obrigatória
B89: 3.1.90.16 - Outras Despesas Variaveis - Pessoal Civil (Mutirão e Premiação) | C89: 1500 | D89: 250000 | F89: =G89/12 -> 38000 | G89: 456000 | I89: Obrigatória
B90: 3.1.90.92 - Despesas Exerc. Anteriores | C90: 1500 | F90: =G90/12 -> 12500 | G90: 150000 | I90: Obrigatória
B91: 3.1.90.94- Indeniz. e Rest. Trabalhistas | C91: 1500 | D91: 3500000 | F91: =G91/12 -> 8333.3333 | G91: 100000 | I91: Obrigatória
B92: 3.1.90.96 - Ressarcimento P Requisitado | C92: 1500 | D92: 572000 | F92: =G92/12 -> 25833.333 | G92: 310000 | I92: Obrigatória
B93: Sub-total - 3.1.90.00.00 | D93: =SUM(D86:D92) -> 101808000 | E93: =SUM(E86:E92) -> 0 | F93: =SUM(F86:F92) -> 14029770 | G93: =SUM(G86:G92) -> 168622166
B94: 3.1.91.13 - Obrigações Patronais | C94: 1500 | D94: 19667000 | F94: =G94/13 -> 2091226.9 | G94: 27185950 | I94: Obrigatória
B95: Sub-total - 3.1.91.00.00 | D95: =D94 -> 19667000 | E95: =E94 -> 0 | F95: =F94 -> 2091226.9 | G95: =G94 -> 27185950
A96: OUTRAS DESP CORRENTES | D96: 1800000 | E96: =600 -> 600
A97: =G103 -> 2386000 | B97: 3.3.90.14 - Diárias | C97: 1500 | D97: 300000 | E97: 20000 | F97: =G97/12 -> 25000 | G97: 300000 | I97: Discricionária
B98: 3.3.90.31 - Premiação | C98: 1500 | F98: =G98/12 -> 100000 | G98: 1200000 | I98: Discricionária
B99: 3.3.90.33 - Passagens Despesas com Locomoção | C99: 1500 | D99: 350000 | E99: 17500 | F99: =G99/12 -> 43750 | G99: 525000 | I99: Discricionária
B100: 3.3.90.36 - Outros Serv. Terceiros - PF (ESTAGIÁRIOS) | C100: 1500 | D100: 350000 | E100: 11000 | F100: =G100/12 -> 27916.667 | G100: 335000 | I100: Discricionária
B101: 3.3.90.47 – Obrigações Tributárias e Contributivas | C101: 1500 | F101: =G101/12 -> 500 | G101: 6000 | I101: Discricionária
B102: 3.3.90.92 - Despesas Exerc. Anteriores | C102: 1500 | D102: 353000 | E102: 5000 | F102: =G102/12 -> 1666.6667 | G102: 20000 | I102: Discricionária
B103: Sub-total - 3.3.90.00.00 | D103: =SUM(D96:D102) -> 3153000 | E103: =SUM(E96:E102) -> 54100 | F103: =SUM(F96:F102) -> 198833.33 | G103: =SUM(G96:G102) -> 2386000
B104: 3.3.91.39 - Outros Serviços Terceiros -PJ | C104: 1500 | F104: =G104/12 -> 5000 | G104: 60000 | I104: Discricionária
A105: =G105 -> 60000 | B105: Sub-total – 3.3.91.00.00 | F105: =F104 -> 5000 | G105: =G104 -> 60000
...

Sheet AÇÕES ORÇAMENTÁRIAS DO FERD
B6: TRIBUNAL DE JUSTIÇA DO ESTADO DE SERGIPE
B7: SECRETARIA DE FINANCAS E ORÇAMENTO - SEFINOR
B8: DIRETORIA DE ORÇAMENTO - DIOR
B9: RECURSOS DO FERD
B10: AÇÕES ORÇAMENTÁRIAS | C10: DESPESA PREVISTA/2027
B11: Prestação Juridicional do 1º Grau | C11: ='Elementação FERD 2027'!F9 -> 17263330
B12: Gestão de Auxílios e Benefícios Assistenciais do 1º Grau | C12: ='Elementação FERD 2027'!F46 -> 18298492
B13: Prestação Juridicional do 2º Grau | C13: ='Elementação FERD 2027'!F67 -> 616391
B14: Gestão de Auxílios e Benefícios Assistenciais do 2º Grau | C14: ='Elementação FERD 2027'!F81 -> 2802956
B15: Manutenção dos Serviços Administrativos | C15: ='Elementação FERD 2027'!F163 -> 33244659
B16: Gestão de Auxílios e Benefícios Assistenciais da Área Administrativa | C16: ='Elementação FERD 2027'!F205 -> 35106446
B17: Fundo de Apoio ao Registro Civil | C17: ='Elementação FERD 2027'!F96 -> 10419195
B18: Ampliação de Unidades do Poder Judiciário | C18: ='Elementação FERD 2027'!F105 -> 55400
B19: Construção de Unidades do Poder Judiciário | C19: ='Elementação FERD 2027'!F113 -> 55400
B20: Reforma de Unidades do Poder Judiciário | C20: ='Elementação FERD 2027'!F121 -> 1000000
B21: Gestão e Manutenção Predial das Unidades do PJ | C21: ='Elementação FERD 2027'!F129 -> 9299750
B22: Aparelhamento das Unidades Administrativas do Poder Judiciário | C22: ='Elementação FERD 2027'!F153 -> 1000000
B23: Gestão e Manutenção das Ações de Segurança Institucional do PJ | C23: ='Elementação FERD 2027'!F143 -> 19698261
B24: Manutenção da Tecnologia e Informação | C24: ='Elementação FERD 2027'!F224 -> 15094870
B25: Ampliação do Parque Computacional do Poder Judiciário | C25: ='Elementação FERD 2027'!F249 -> 2833720
B26: Escola Judicial do Estado de Sergipe | C26: ='Elementação FERD 2027'!F281 -> 1711130
B27: Segurança da Informação e Cibernética do Poder Judiciário | C27: ='Elementação FERD 2027'!F270 -> 3500000
B28: TOTAL | C28: =SUM(C11:C27) -> 1.72e+08
B30: DISTRIBUIÇÃO DO ORÇAMENTO FERD - Resolução 195/CNJ, art 2º | C30: REPRESENTATIVIDADE
B31: Participação do 1º Grau | C31: =(C11+C12)/C28 -> 0.20675478
B32: Participação do 2º Grau | C32: =(C13+C14)/C28 -> 0.019879924
B33: Total da Prestação Jurisdicional do 1º e 2º Grau | C33: =SUM(C31:C32) -> 0.2266347
B37: PEDRO VIEIRA SANTOS
B38: SECRETÁRIO DE FINANÇAS E ORÇAMENTO

Sheet AÇÕES ORÇAMENTÁRIAS DO TESOURO
B5: TRIBUNAL DE JUSTIÇA DO ESTADO DE SERGIPE
B6: SECRETARIA DE FINANCAS E ORÇAMENTO - SEFINOR
B7: DIRETORIA DE ORÇAMENTO - DIOR
B9: RECURSOS DO TESOURO
B10: AÇÕES ORÇAMENTÁRIAS | C10: DESPESA PREVISTA/2027
B11: Prestação Juridicional do 1º Grau | C11: ='ElementaçãoTesouro 2027'!G10 -> 508446790
B12: Prestação Juridicional do 2º Grau | C12: ='ElementaçãoTesouro 2027'!G32 -> 105185620
B13: Manutenção dos Serviços Administrativos | C13: ='ElementaçãoTesouro 2027'!G85 -> 198254116
B14: Escola Judicial do Estado de Sergipe | C14: ='ElementaçãoTesouro 2027'!G53 -> 826815
B15: Implementação das Ações da Corregedoria Geral de Justiça | C15: ='ElementaçãoTesouro 2027'!G63 -> 700000
B16: Gestão de Auxílios e Benefícios Assistênciais do 1º Grau | C16: ='ElementaçãoTesouro 2027'!G141 -> 87999000
B17: Gestão de Auxílios e Benefícios Assistênciais do 2º Grau | C17: ='ElementaçãoTesouro 2027'!G152 -> 12845584
B18: Gestão de Auxílios e Benefícios Assistênciais da Área Administrativa | C18: ='ElementaçãoTesouro 2027'!G163 -> 28531480
B19: Manutenção das Atividades da Coordenadoria da Infância e da Juventude | C19: ='ElementaçãoTesouro 2027'!G186 -> 120000
B20: Manutenção das Atividades da Coordenadoria da Mulher | C20: ='ElementaçãoTesouro 2027'!G192 -> 150000
B21: Manutenção das Atividades da Justiça Restaurativa - NUPEJURE | C21: ='ElementaçãoTesouro 2027'!G174 -> 20000
B22: Manutenção das Atividades do Núcleo Permanente de Métodos Consensuais de Solução e Conflito - NUPEMEC | C22: ='ElementaçãoTesouro 2027'!G180 -> 120000
B23: Aporte p/ Cobertura do Déficit Previdenciário Financeiro do RPPS/SE | C23: ='ElementaçãoTesouro 2027'!G78 -> 7965000
B24: Aparelhamento das Unidades Administrativas do Poder Judiciário | C24: ='ElementaçãoTesouro 2027'!G111 -> 1000
B25: Modernização e Melhoramento das Edificações do Poder Judiciário | C25: ='ElementaçãoTesouro 2027'!G121 -> 1000
B26: Modernização e Expansão da Infraestrutra de TI do Poder Judiciário | C26: ='ElementaçãoTesouro 2027'!G131 -> 1000
B27: TOTAL | C27: =SUM(C11:C26) -> 951167405
B30: DISTRIBUIÇÃO DO ORÇAMENTO TJ - Resolução 195/CNJ, art 2º | C30: REPRESENTATIVIDADE
B31: Participação do 1º Grau | C31: =(C11+C16+C19+C20+C21+C22)/C27 -> 0.62749815
B32: Participação do 2º Grau | C32: =(C12+C17)/C27 -> 0.12409088
B33: Total da Prestação Jurisdicional do 1º e 2º Grau | C33: =SUM(C31:C32) -> 0.75158904
B37: PEDRO VIEIRA SANTOS
B38: SECRETÁRIO DE FINANÇAS E ORÇAMENTO

Sheet PROPOSTA ORÇAMENTÁRIA
A6: TRIBUNAL DE JUSTIÇA DO ESTADO DE SERGIPE
A7: SECRETARIA DE FINANCAS E ORÇAMENTO - SEFINOR
A8: DIRETORIA DE ORÇAMENTO - DIOR
A9: PROPOSTA ORÇAMENTÁRIA 2027
A10: Ações Orçamentárias | B10: Recursos do Tesouro | C10: Recursos do Ferd | D10: Total Geral
A11: Prestação Juridicional do 1º Grau | B11: ='ElementaçãoTesouro 2027'!G10 -> 508446790 | C11: ='Elementação FERD 2027'!F9 -> 17263330 | D11: =B11+C11 -> 525710120
A12: Prestação Juridicional do 2º Grau | B12: ='ElementaçãoTesouro 2027'!G32 -> 105185620 | C12: ='Elementação FERD 2027'!F67 -> 616391 | D12: =B12+C12 -> 105802011
A13: Escola Judicial do Estado de Sergipe | B13: ='ElementaçãoTesouro 2027'!G53 -> 826815 | C13: ='Elementação FERD 2027'!F281 -> 1711130 | D13: =B13+C13 -> 2537945
A14: Implementação das Ações da Corregedoria Geral de Justiça | B14: ='ElementaçãoTesouro 2027'!G63 -> 700000 | D14: =B14+C14 -> 700000
A15: Manutenção dos Serviços Administrativos | B15: ='ElementaçãoTesouro 2027'!G85 -> 198254116 | C15: ='Elementação FERD 2027'!F163 -> 33244659 | D15: =B15+C15 -> 2.3149878e+08
A16: Aporte p/ Cobertura do Déficit Previdenciário Financeiro do RPPS/SE | B16: ='ElementaçãoTesouro 2027'!G78 -> 7965000 | D16: =B16+C16 -> 7965000
A17: Gestão de Auxílios e Benefícios Assistênciais do 1º Grau | B17: ='AÇÕES ORÇAMENTÁRIAS DO TESOURO'!C16 -> 87999000 | C17: ='Elementação FERD 2027'!F46 -> 18298492 | D17: =B17+C17 -> 106297492
A18: Gestão de Auxílios e Benefícios Assistênciais do 2º Grau | B18: ='AÇÕES ORÇAMENTÁRIAS DO TESOURO'!C17 -> 12845584 | C18: ='Elementação FERD 2027'!F81 -> 2802956 | D18: =B18+C18 -> 15648540
A19: Gestão de Auxílios e Benefícios Assistênciais da Área Administrativa | B19: ='AÇÕES ORÇAMENTÁRIAS DO TESOURO'!C18 -> 28531480 | C19: ='Elementação FERD 2027'!F205 -> 35106446 | D19: =B19+C19 -> 63637926
A20: Manutenção das Atividades da Coordenadoria da Infância e da Juventude | B20: ='AÇÕES ORÇAMENTÁRIAS DO TESOURO'!C19 -> 120000 | D20: =B20+C20 -> 120000
A21: Manutenção das Atividades da Coordenadoria da Mulher | B21: ='AÇÕES ORÇAMENTÁRIAS DO TESOURO'!C20 -> 150000 | D21: =B21+C21 -> 150000
A22: Manutenção das Atividades da Justiça Restaurativa - NUPEJURE | B22: ='AÇÕES ORÇAMENTÁRIAS DO TESOURO'!C21 -> 20000 | D22: =B22+C22 -> 20000
A23: Manutenção das Atividades do Núcleo Permanente de Métodos Consensuais de Solução e Conflito - NUPEMEC | B23: ='AÇÕES ORÇAMENTÁRIAS DO TESOURO'!C22 -> 120000 | D23: =B23+C23 -> 120000
A24: Ampliação do Parque Computacional do Poder Judiciário | C24: ='Elementação FERD 2027'!F249 -> 2833720 | D24: =B24+C24 -> 2833720
A25: Ampliação de Unidades do Poder Judiciário | C25: ='Elementação FERD 2027'!F105 -> 55400 | D25: =B25+C25 -> 55400
A26: Fundo de Apoio ao Registro Civil | C26: ='Elementação FERD 2027'!F96 -> 10419195 | D26: =B26+C26 -> 10419195
A27: Manutenção da Tecnologia e Informação | C27: ='Elementação FERD 2027'!F224 -> 15094870 | D27: =B27+C27 -> 15094870
A28: Construção de Unidades do Poder Juduciário | C28: ='Elementação FERD 2027'!F113 -> 55400 | D28: =B28+C28 -> 55400
A29: Reforma de Unidades do Poder Judiciário | C29: ='Elementação FERD 2027'!F121 -> 1000000 | D29: =B29+C29 -> 1000000
A30: Aparelhamento das Unidades Administrativas do Poder Judiciário | B30: ='ElementaçãoTesouro 2027'!G111 -> 1000 | C30: ='Elementação FERD 2027'!F153 -> 1000000 | D30: =B30+C30 -> 1001000
A31: Segurança da Informação e Cibernética do Poder Judiciário | C31: ='Elementação FERD 2027'!F270 -> 3500000 | D31: =B31+C31 -> 3500000
A32: Modernização e Melhoramento das Edificações do Poder Judiciário | B32: ='ElementaçãoTesouro 2027'!G121 -> 1000 | D32: =B32+C32 -> 1000
A33: Modernização e Expansão da Infraestrutra de TI do Poder Judiciário | B33: ='ElementaçãoTesouro 2027'!G131 -> 1000 | D33: =B33+C33 -> 1000
A34: Gestão e Manutenção Predial das Unidades do Poder Judiciário | C34: ='Elementação FERD 2027'!F129 -> 9299750 | D34: =B34+C34 -> 9299750
A35: Gestão e Manutenção das Ações de Segurança Institucional do Poder Judiciário | C35: ='Elementação FERD 2027'!F143 -> 19698261 | D35: =B35+C35 -> 19698261
A36: TOTAL | B36: =SUM(B11:B35) -> 951167405 | C36: =SUM(C11:C35) -> 1.72e+08 | D36: =SUM(D11:D35) -> 1.1231674e+09
A39: DISTRIBUIÇÃO DO ORÇAMENTO TJ E FERD - Resolução 195/CNJ, art 2º | D39: REPRESENTATIVIDADE
A40: Participação do 1º Grau | D40: =(D11+D17+D20+D21+D22+D23)/D36 -> 0.56306621
A41: Participação do 2º Grau | D41: =(D12+D18)/D36 -> 0.10813219
A42: Total da Prestação Jurisdicional do 1º e 2º Grau | D42: =D40+D41 -> 0.6711984

Sheet ANEXO ÚNICO DESPESA POR FUNÇÃO
B6: TRIBUNAL DE JUSTIÇA DO ESTADO DE SERGIPE
B7: SECRETARIA DE FINANCAS E ORÇAMENTO - SEFINOR
B8: DIRETORIA DE ORÇAMENTO - DIOR
B10: PROPOSTA ORÇAMENTÁRIA 2027
B11: UNIDADE ORÇAMENTÁRIA | C11: FUNÇÃO | D11: SUBFUNÇÃO | E11: PROGRAMA | F11: PJ/AT | G11: ESPECIFICAÇÃO | H11: GRUPO DE DESPESA | I11: VALOR PROPOSTO
B12: 101 TRIBUNAL DE JUSTIÇA | C12: 02 | D12: 061 | E12: 0006 | F12: 0013 | G12: Prestação Juridicional do 2º Grau | H12: 3.1.00.00 | I12: ='ElementaçãoTesouro 2027'!A34 -> 101113620
H13: 3.3.00.00 | I13: ='ElementaçãoTesouro 2027'!A43 -> 4072000
C14: 02 | D14: 061 | E14: 0006 | F14: 0014 | G14: Prestação Juridicional do 1º Grau | H14: 3.1.00.00 | I14: ='ElementaçãoTesouro 2027'!A12 -> 497453790
H15: 3.3.00.00 | I15: ='ElementaçãoTesouro 2027'!A22 -> 10993000
C16: 02 | D16: 128 | E16: 0006 | F16: 0015 | G16: Escola Judicial do Estado de Sergipe | H16: 3.1.00.00 | I16: ='ElementaçãoTesouro 2027'!A54 -> 729122
H17: 3.3.00.00 | I17: ='ElementaçãoTesouro 2027'!A56 -> 97693
C18: 02 | D18: 061 | E18: 0006 | F18: 0017 | G18: Implementação das Ações da Corregedoria Geral de Justiça | H18: 3.1.00.00 | I18: ='ElementaçãoTesouro 2027'!A64 -> 375700
H19: 3.3.00.00 | I19: ='ElementaçãoTesouro 2027'!A66 -> 196154
H20: 4.4.00.00 | I20: ='ElementaçãoTesouro 2027'!A70 -> 128146
C21: 02 | D21: 122 | E21: 0040 | F21: 0141 | G21: Manutenção dos Serviços Administrativos | H21: 3.1.00.00 | I21: ='ElementaçãoTesouro 2027'!A87 -> 195808116
H22: 3.3.00.00 | I22: ='ElementaçãoTesouro 2027'!A97+'ElementaçãoTesouro 2027'!A105 -> 2446000
C23: 02 | D23: 272 | E23: 0042 | F23: 0144 | G23: Aporte p/ Cobertura de Défict Previdenciário Financeiro do RPPS/SE | H23: 3.1.00.00 | I23: ='ElementaçãoTesouro 2027'!A79 -> 7965000
C24: 02 | D24: 122 | E24: 0006 | F24: 1210 | G24: Aparelhamento das Unidades Administrativas do Poder Judiciário | H24: 4.4.00.00 | I24: ='ElementaçãoTesouro 2027'!G111 -> 1000
C25: 02 | D25: 061 | E25: 0006 | F25: 1218 | G25: Modernização e Melhoramento das Edificações do Poder Judiciário | H25: 4.4.00.00 | I25: ='ElementaçãoTesouro 2027'!G121 -> 1000
C26: 02 | D26: 126 | E26: 0006 | F26: 1219 | G26: Modernização e Expansão da Infraestrutra de TI do Poder Judiciário | H26: 4.4.00.00 | I26: ='ElementaçãoTesouro 2027'!G131 -> 1000
C27: 02 | D27: 122 | E27: 0040 | F27: 1298 | G27: Gestão de Auxílios e Benefícios Assistênciais do 1º Grau | H27: 3.3.00.00 | I27: ='PROPOSTA ORÇAMENTÁRIA'!B17 -> 87999000
C28: 02 | D28: 122 | E28: 0040 | F28: 1300 | G28: Gestão de Auxílios e Benefícios Assistênciais do 2º Grau | H28: 3.3.00.00 | I28: ='PROPOSTA ORÇAMENTÁRIA'!B18 -> 12845584
C29: 02 | D29: 122 | E29: 0040 | F29: 1301 | G29: Gestão de Auxílios e Benefícios Assistênciais da Área Administrativa | H29: 3.3.00.00 | I29: ='PROPOSTA ORÇAMENTÁRIA'!B19 -> 28531480
C30: 02 | D30: 061 | E30: 0006 | F30: 1302 | G30: Manutenção das Atividades da Coordenadoria da Infância e da Juventude | H30: 3.3.00.00 | I30: ='PROPOSTA ORÇAMENTÁRIA'!B20 -> 120000
C31: 02 | D31: 061 | E31: 0006 | F31: 1303 | G31: Manutenção das Atividades da Coordenadoria da Mulher | H31: 3.3.00.00 | I31: ='PROPOSTA ORÇAMENTÁRIA'!B21 -> 150000
C32: 02 | D32: 061 | E32: 0006 | F32: 1304 | G32: Manutenção das Atividades da Justiça Restaurativa - NUPEJURE | H32: 3.3.00.00 | I32: ='PROPOSTA ORÇAMENTÁRIA'!B22 -> 20000
C33: 02 | D33: 061 | E33: 0006 | F33: 1305 | G33: Manutenção das Atividades do Núcleo Permanente de Métodos Consensuais de Solução e Conflito - NUPEMEC | H33: 3.3.00.00 | I33: ='PROPOSTA ORÇAMENTÁRIA'!B23 -> 120000
B34: SUBTOTAL (I) | I34: =SUM(I12:I33) -> 951167405
B35: 401 FUNDO ESPECIAL DE RECURSOS DE DESPESAS - FERD | C35: 02 | D35: 126 | E35: 0006 | F35: 0003 | G35: Ampliação do Parque Computacional do Poder Judiciário | H35: 3.3.00.00 | I35: ='Elementação FERD 2027'!F252+'Elementação FERD 2027'!F253 -> 100000
H36: 4.4.00.00 | I36: ='Elementação FERD 2027'!F258+'Elementação FERD 2027'!F259 -> 2733720
C37: 02 | D37: 061 | E37: 0006 | F37: 0004 | G37: Prestação Juridicional do 1º Grau | H37: 3.3.00.00 | I37: ='Elementação FERD 2027'!F30+'Elementação FERD 2027'!F31 -> 17097120
H38: 4.4.00.00 | I38: ='Elementação FERD 2027'!F34+'Elementação FERD 2027'!F35 -> 166210 | L38: 951167405
C39: 02 | D39: 061 | E39: 0006 | F39: 0005 | G39: Ampliação de Unidades do Poder Judiciário | H39: 4.4.00.00 | I39: ='Elementação FERD 2027'!F105 -> 55400 | L39: 867965607
C40: 02 | D40: 061 | E40: 0006 | F40: 0006 | G40: Prestação Juridicional do 2º Grau | H40: 3.3.00.00 | I40: ='Elementação FERD 2027'!F70 -> 505584 | L40: =L38/L39 -> 1.0958584
H41: 4.4.00.00 | I41: ='Elementação FERD 2027'!F72 -> 110807
C42: 02 | D42: 061 | E42: 0006 | F42: 0007 | G42: Fundo de Apoio ao Registro Civil | H42: 3.3.00.00 | I42: ='Elementação FERD 2027'!F98 -> 10419195
C43: 02 | D43: 126 | E43: 0006 | F43: 0008 | G43: Manutenção da Tecnologia e Informação | H43: 3.3.00.00 | I43: ='Elementação FERD 2027'!F231+'Elementação FERD 2027'!F232 -> 15094870
H44: 4.4.00.00 | I44: ='Elementação FERD 2027'!F237+'Elementação FERD 2027'!F238 -> 0
C45: 02 | D45: 128 | E45: 0006 | F45: 0009 | G45: Escola Judicial do Estado de Sergipe | H45: 3.3.00.00 | I45: ='Elementação FERD 2027'!F287 -> 1621130
H46: 4.4.00.00 | I46: ='Elementação FERD 2027'!F289 -> 90000
C47: 02 | D47: 061 | E47: 0006 | F47: 0010 | G47: Construção de Unidades do Poder Juduciário | H47: 4.4.00.00 | I47: ='Elementação FERD 2027'!F115 -> 55400
C48: 02 | D48: 061 | E48: 0006 | F48: 0011 | G48: Reforma de Unidades do Poder Judiciário | H48: 3.3.00.00 | I48: ='Elementação FERD 2027'!F123 -> 1000000
C49: 02 | D49: 122 | E49: 0006 | F49: 0012 | G49: Aparelhamento das Unidades Administrativas do Poder Judiciário | H49: 4.4.00.00 | I49: ='Elementação FERD 2027'!F158 -> 1000000
C50: 02 | D50: 126 | E50: 0006 | F50: 0124 | G50: Segurança da informação e Cibernética do Poder Judiciário | H50: 3.3.00.00 | I50: ='Elementação FERD 2027'!F273 -> 3500000
H51: 4.4.00.00 | I51: ='Elementação FERD 2027'!F274 -> 0
C52: 02 | D52: 122 | E52: 0040 | F52: 0135 | G52: Manutenção dos Serviços Administrativos | H52: 3.3.00.00 | I52: ='Elementação FERD 2027'!F191+'Elementação FERD 2027'!F192+'Elementação FERD 2027'!F196 -> 33244659
C53: 02 | D53: 122 | E53: 0040 | F53: 1293 | G53: Gestão de Auxílios e Benefícios Assistênciais do 1º Grau | H53: 3.3.00.00 | I53: ='Elementação FERD 2027'!F55+'Elementação FERD 2027'!F56 -> 18298492
C54: 02 | D54: 122 | E54: 0040 | F54: 1294 | G54: Gestão de Auxílios e Benefícios Assistênciais do 2º Grau | H54: 3.3.00.00 | I54: ='Elementação FERD 2027'!F87 -> 2802956
C55: 02 | D55: 122 | E55: 0040 | F55: 1295 | G55: Gestão de Auxílios e Benefícios Assistênciais da Área Administrativa | H55: 3.3.00.00 | I55: ='Elementação FERD 2027'!F214+'Elementação FERD 2027'!F215 -> 35106446
C56: 02 | D56: 122 | E56: 0040 | F56: 1296 | G56: Gestão e Manutenção Predial das Unidades do Poder Judiciário | H56: 3.3.00.00 | I56: ='Elementação FERD 2027'!F134+'Elementação FERD 2027'!F135 -> 9299750
C57: 02 | D57: 122 | E57: 0040 | F57: 1297 | G57: Gestão e Manutenção das Ações de Segurança Institucional do Poder Judiciário | H57: 3.3.00.00 | I57: ='Elementação FERD 2027'!F147 -> 19698261
B58: SUBTOTAL (II) | I58: =SUM(I35:I57) -> 1.72e+08
B59: TOTAL GERAL (I+II) | I59: =I34+I58 -> 1.1231674e+09

Sheet DEMONST. DAS DESPESAS POR GRUPO
B6: TRIBUNAL DE JUSTIÇA DO ESTADO DE SERGIPE
B7: SECRETARIA DE FINANCAS E ORÇAMENTO - SEFINOR
B8: DIRETORIA DE ORÇAMENTO - DIOR
B11: DEMONSTRATIVO DA DESPESA POR GRUPO
B12: CÓDIGO | C12: ESPECIFICAÇÃO | D12: TESOURO | E12: FERD | F12: TOTAL
B13: 1 | C13: Pessoal e Encargos Sociais | D13: ='ANEXO ÚNICO DESPESA POR FUNÇÃO'!I12+'ANEXO ÚNICO DESPESA POR FUNÇÃO'!I14+'ANEXO ÚNICO DESPESA POR FUNÇÃO'!I16+'ANEXO ÚNICO DESPESA POR FUNÇÃO'!I18+'ANEXO ÚNICO DESPESA POR FUNÇÃO'!I21+'ANEXO ÚNICO DESPESA POR FUNÇÃO'!I23 -> 803445348 | E13: 0 | F13: =SUM(D13:E13) -> 803445348
B14: 3 | C14: Outras Despesas Correntes | D14: ='ANEXO ÚNICO DESPESA POR FUNÇÃO'!I13+'ANEXO ÚNICO DESPESA POR FUNÇÃO'!I15+'ANEXO ÚNICO DESPESA POR FUNÇÃO'!I17+'ANEXO ÚNICO DESPESA POR FUNÇÃO'!I19+'ANEXO ÚNICO DESPESA POR FUNÇÃO'!I22+'ANEXO ÚNICO DESPESA POR FUNÇÃO'!I27+'ANEXO ÚNICO DESPESA POR FUNÇÃO'!I28+'ANEXO ÚNICO DESPESA POR FUNÇÃO'!I29+'ANEXO ÚNICO DESPESA POR FUNÇÃO'!I30+'ANEXO ÚNICO DESPESA POR FUNÇÃO'!I31+'ANEXO ÚNICO DESPESA POR FUNÇÃO'!I32+'ANEXO ÚNICO DESPESA POR FUNÇÃO'!I33 -> 147590911 | E14: ='Elementação FERD 2027'!E300 -> 1.6778846e+08 | F14: =SUM(D14:E14) -> 3.1537937e+08
B15: 4 | C15: Investimentos | D15: ='ANEXO ÚNICO DESPESA POR FUNÇÃO'!I20+'ANEXO ÚNICO DESPESA POR FUNÇÃO'!I24+'ANEXO ÚNICO DESPESA POR FUNÇÃO'!I25+'ANEXO ÚNICO DESPESA POR FUNÇÃO'!I26 -> 131146 | E15: ='Elementação FERD 2027'!E303 -> 4211537 | F15: =SUM(D15:E15) -> 4342683
B16: TOTAL | D16: =SUM(D12:D15) -> 951167405 | E16: =SUM(E12:E15) -> 1.72e+08 | F16: =SUM(F12:F15) -> 1.1231674e+09

Sheet PROPOSTA DA RECEITA
A2: Proposta da Previsão da Receita para 2026
A3: Fonte 1759
A4: Receita | B4: Valor Previsão Orçamento 2026
A5: Taxas pela Prestação de Serviços em Geral | B5: 2321500
A6: Taxas Judiciais | B6: 8357400
A7: Aluguéis e Arrendamentos | B7: 102400
A8: Remuneração de Depósitos Bancários | B8: 2360200
A9: Serviços Administrativos e Comerciais Gerais | B9: 30000000 | C9: Participação no Orçamento por FR
A10: Outras Receitas | B10: 2000000 | C10: 2027 | D10: 2026
A11: Total | B11: =SUM(B5:B10) -> 45141500 | C11: =(B11*C19)/B19 -> 0.26245058
A12: Fonte 1760
A13: Emolumentos e Custas Judiciais | B13: 104565300
A14: Emolumentos e Custas Judiciais – Dívida Ativa | B14: 1783300
A15: Emol. e Custas Judiciais – Dívida Ativa – Juros | B15: 780000
A16: Taxas Judiciais | B16: 18611450
A17: Remuneração de Depósitos Bancários | B17: 1118450
A18: Total | B18: =SUM(B13:B17) -> 126858500 | C18: =(B18*C19)/B19 -> 0.73754942
A19: Total Geral | B19: =B11+B18 -> 172000000 | C19: 1 | D19: 1

Sheet ESPECIFICAÇÃO DA RECEITA 
B6: TRIBUNAL DE JUSTIÇA DO ESTADO DE SERGIPE
B7: SECRETARIA DE FINANCAS E ORÇAMENTO - SEFINOR
B8: DIRETORIA DE ORÇAMENTO - DIOR
B10: ESPECIFICAÇÃO DAS RECEITAS | D10: RECURSOS DE TODAS AS FONTES
B12: FONTE DE RECURSO | C12: ESPECIFICAÇÃO | D12: FERD | E12: TESOURO | F12: TOTAL
B13: 1500 | C13: Remuneração de Depósitos Bancários - Principal | E13: 0 | F13: =E13 -> 0
B14: 1760 | C14: Emolumentos e Custas Judicias - Principal | D14: ='PROPOSTA DA RECEITA'!B13 -> 104565300 | F14: =D14 -> 104565300
B15: 1760 | C15: Emolumentos e Custas Judiciais - Dívida Ativa | D15: ='PROPOSTA DA RECEITA'!B14 -> 1783300 | F15: =D15 -> 1783300
B16: 1760 | C16: Emolumentos e Custas Judiciais - Dívida Ativa - Multas e Juros de Mora de Dívida Ativa | D16: ='PROPOSTA DA RECEITA'!B15 -> 780000 | F16: =D16 -> 780000
B17: 1759 | C17: Aluguéis e Arrendamentos - Principal | D17: ='PROPOSTA DA RECEITA'!B7 -> 102400 | F17: =D17 -> 102400
B18: 1759 | C18: Serviços Administrativos e Comerciais Gerais - Principal | D18: ='PROPOSTA DA RECEITA'!B9 -> 30000000 | F18: =D18 -> 30000000
B19: 1759 | C19: Outras Receitas Não Arrecadadas e Não Projetadas pela RFB - Primarias - Principal | D19: ='PROPOSTA DA RECEITA'!B10 -> 2000000 | F19: =D19 -> 2000000
B20: 1760 | C20: Taxas Judiciais - Principal | D20: ='PROPOSTA DA RECEITA'!B16 -> 18611450 | F20: =D20 -> 18611450
B21: 1759 | C21: Remuneração de Depósitos Bancários - Principal | D21: ='PROPOSTA DA RECEITA'!B8 -> 2360200 | F21: =D21 -> 2360200
B22: 1760 | C22: Remuneração de Depósitos Bancários - Principal | D22: ='PROPOSTA DA RECEITA'!B17 -> 1118450 | F22: =D22 -> 1118450
B23: 1759 | C23: Taxas pela Prestação de Serviços em Geral | D23: ='PROPOSTA DA RECEITA'!B5 -> 2321500 | F23: =D23 -> 2321500
B24: 1759 | C24: Taxas Judiciais - Principal | D24: ='PROPOSTA DA RECEITA'!B6 -> 8357400 | F24: =D24 -> 8357400
D25: =SUM(D13:D24) -> 172000000 | E25: =SUM(E13:E22) -> 0 | F25: =SUM(F13:F24) -> 172000000

Sheet Resolução 195 - QDD
B1: PODER JUDICIÁRIO
B2: ÓRGÃO:TRIBUNAL DE JUSTIÇA DE SERGIPE
B3: QUADRO DE DETALHAMENTO DA DESPESA
B4: PROPOSTA ORÇAMENTÁRIA PARA O ANO DE 2027
B5: Distribuição dos Recursos entre os Graus de Jurisdição (RESOLUÇÃO 195 CNJ, art. 4º)
B7: Classificação Orçamentária | L7: Dotação Distribuída
B8: Unidade Orçamentária | D8: Função e Subfunção (Código) | E8: Programa, Ação e Subtítulo (Código) | F8: Descrição | H8: Esfera | I8: Fonte | K8: GND | L8: 1º Grau | M8: 2º Grau | N8: 1º e 2º Graus (1) | O8: Total
B9: Código | C9: Descrição | F9: Programa | G9: Ação e Subtítulo | I9: Código | J9: Descrição | L9: A | M9: B | N9: C | O9: D=A+B+C
B10: Dotações para Despesas Obrigatórias (2)
B11: 05.101 | C11: Tribunal de Justiça | D11: 02.061 | E11: 0006.0014 | F11: Justiça | G11: Prestação Jurisdicional do 1º Grau | H11: 1 | I11: 1500 | J11: Recursos não Vinculados de Impostos | K11: 1 | L11: ='ElementaçãoTesouro 2027'!G27 -> 497453790 | O11: =L11+M11+N11 -> 497453790
B12: 05.101 | C12: Tribunal de Justiça | D12: 02.122 | E12: 0040.1298 | F12: Gestão e Manutenção do TJ | G12: Gestão de Auxílios e Benefícios Assitênciais do 1º Grau | H12: 1 | I12: 1500 | J12: Recursos não Vinculados de Impostos | K12: 3 | L12: ='ElementaçãoTesouro 2027'!G141 -> 87999000 | O12: =L12+M12+N12 -> 87999000
B13: 05.101 | C13: Tribunal de Justiça | D13: 02.061 | E13: 0006.0013 | F13: Justiça | G13: Prestação Jurisdicional do 2º Grau | H13: 1 | I13: 1500 | J13: Recursos não Vinculados de Impostos | K13: 1 | M13: ='ElementaçãoTesouro 2027'!G48 -> 101113620 | O13: =L13+M13+N13 -> 101113620
B14: 05.101 | C14: Tribunal de Justiça | D14: 02.122 | E14: 0040.1300 | F14: Gestão e Manutenção do TJ | G14: Gestão de Auxílios e Benefícios Assitênciais do 2º Grau | H14: 1 | I14: 1500 | J14: Recursos não Vinculados de Impostos | K14: 3 | M14: ='ElementaçãoTesouro 2027'!G152 -> 12845584 | O14: =L14+M14+N14 -> 12845584
B15: 05.101 | C15: Tribunal de Justiça | D15: 02.122 | E15: 0040.0141 | F15: Gestão e Manutenção do TJ | G15: Manutenção dos Serviços Administrativos | H15: 1 | I15: 1500 | J15: Recursos não Vinculados de Impostos | K15: 1 | N15: ='ElementaçãoTesouro 2027'!G106 -> 195808116 | O15: =L15+M15+N15 -> 195808116
B16: 05.101 | C16: Tribunal de Justiça | D16: 02.122 | E16: 0040.1301 | F16: Gestão e Manutenção do TJ | G16: Gestão de Auxílios e Benefícios Assitênciais da Área Administrativa | H16: 1 | I16: 1500 | J16: Recursos não Vinculados de Impostos | K16: 3 | N16: ='ElementaçãoTesouro 2027'!G163 -> 28531480 | O16: =L16+M16+N16 -> 28531480
B17: 05.101 | C17: Tribunal de Justiça | D17: 02.128 | E17: 0006.0015 | F17: Justiça | G17: Escola Judicial do Estado de Sergipe – EJUSE | H17: 1 | I17: 1500 | J17: Recursos não Vinculados de Impostos | K17: 1 | N17: ='ElementaçãoTesouro 2027'!G58 -> 729122 | O17: =L17+M17+N17 -> 729122
B18: 05.101 | C18: Tribunal de Justiça | D18: 02.061 | E18: 0006.0017 | F18: Justiça | G18: Implementação das Ações da Corregedoria Geral de Justiça | H18: 1 | I18: 1500 | J18: Recursos não Vinculados de Impostos | K18: 1 | N18: ='ElementaçãoTesouro 2027'!G72 -> 375700 | O18: =L18+M18+N18 -> 375700
B19: 05.101 | C19: Tribunal de Justiça | D19: 02.272 | E19: 0042.0144 | F19: Encargos de Natureza Especial | G19: Aporte para Cobertura de Déficit Previdenciário Financeiro do RPPS/SE | H19: 1 | I19: 1500 | J19: Recursos não Vinculados de Impostos | K19: 1 | N19: ='ElementaçãoTesouro 2027'!G81 -> 7965000 | O19: =L19+M19+N19 -> 7965000
B20: 05.401 | C20: Fundo Especial de Recursos de Despesas | D20: 02.122 | E20: 0040.1293 | F20: Gestão e Manutenção do TJ | G20: Gestão de Auxílios e Benefícios Assitênciais do 1º Grau | H20: 1 | I20: 1760 | J20: Recursos Vinculados a Fundos | K20: 3 | L20: ='Elementação FERD 2027'!F60 -> 18298492 | O20: =L20+M20+N20 -> 18298492
B21: 05.401 | C21: Fundo Especial de Recursos de Despesas | D21: 02.122 | E21: 0040.1294 | F21: Gestão e Manutenção do TJ | G21: Gestão de Auxílios e Benefícios Assitênciais do 2º Grau | H21: 1 | I21: 1760 | J21: Recursos de Emolumentos, Taxas e Custas | K21: 3 | M21: ='Elementação FERD 2027'!F88 -> 2802956 | O21: =L21+M21+N21 -> 2802956
B22: 05.401 | C22: Fundo Especial de Recursos de Despesas | D22: 02.122 | E22: 0040.1295 | F22: Gestão e Manutenção do TJ | G22: Gestão de Auxílios e Benefícios Assitênciais da Área Administrativa | H22: 1 | I22: 1759 | J22: Recursos Vinculados a Fundos | K22: 3 | N22: ='Elementação FERD 2027'!F216 -> 29260674 | O22: =L22+M22+N22 -> 29260674
B23: 05.401 | C23: Fundo Especial de Recursos de Despesas | D23: 02.122 | E23: 0040.1295 | F23: Gestão e Manutenção do TJ | G23: Gestão de Auxílios e Benefícios Assitênciais da Área Administrativa | H23: 1 | I23: 1760 | J23: Recursos de Emolumentos, Taxas e Custas | K23: 3 | N23: ='Elementação FERD 2027'!F218 -> 5845772 | O23: =L23+M23+N23 -> 5845772
B24: 05.401 | C24: Fundo Especial de Recursos de Despesas | D24: 02.061 | E24: 0006.0007 | F24: Justiça | G24: Fundo de Apoio ao Registro Civil | H24: 1 | I24: 1759 | J24: Recursos Vinculados a Fundos | K24: 3 | N24: ='Elementação FERD 2027'!F99 -> 10419195 | O24: =L24+M24+N24 -> 10419195
B25: Total das Dotações para Despesas Obrigatórias | C25: =SUM(C11:C19) -> 0 | D25: =SUM(D11:D19) -> 0 | E25: =SUM(E11:E19) -> 0 | F25: =SUM(F11:F19) -> 0 | G25: =SUM(G11:G19) -> 0 | H25: =SUM(H11:H19) -> 0 | I25: =SUM(I11:I19) -> 0 | J25: =SUM(J11:J19) -> 0 | K25: =SUM(K11:K19) -> 0 | L25: =SUM(L11:L23) -> 603751282 | M25: =SUM(M11:M23) -> 116762160 | N25: =SUM(N11:N24) -> 278935059 | O25: =SUM(O11:O24) -> 999448501
B26: Dotações para Despesas Discricionárias
B27: 05.101 | C27: Tribunal de Justiça | D27: 02.061 | E27: 0006.0014 | F27: Justiça | G27: Prestação Jurisdicional do 1º Grau | H27: 1 | I27: 1500 | J27: Recursos não Vinculados de Impostos | K27: 3 | L27: ='ElementaçãoTesouro 2027'!G28 -> 10993000 | O27: =L27+M27+N27 -> 10993000
B28: 05.101 | C28: Tribunal de Justiça | D28: 02.061 | E28: 0006.0013 | F28: Justiça | G28: Prestação Jurisdicional do 2º Grau | H28: 1 | I28: 1500 | J28: Recursos não Vinculados de Impostos | K28: 3 | M28: ='ElementaçãoTesouro 2027'!G49 -> 4072000 | O28: =L28+M28+N28 -> 4072000
B29: 05.101 | C29: Tribunal de Justiça | D29: 02.122 | E29: 0040.0141 | F29: Gestão e Manutenção do TJ | G29: Manutenção dos Serviços Administrativos | H29: 1 | I29: 1500 | J29: Recursos não Vinculados de Impostos | K29: 3 | N29: ='ElementaçãoTesouro 2027'!G107 -> 2446000 | O29: =L29+M29+N29 -> 2446000
B30: 05.101 | C30: Tribunal de Justiça | D30: 02.128 | E30: 0006.0015 | F30: Justiça | G30: Escola Judicial do Estado de Sergipe – EJUSE | H30: 1 | I30: 1500 | J30: Recursos não Vinculados de Impostos | K30: 3 | N30: ='ElementaçãoTesouro 2027'!G59 -> 97693 | O30: =L30+M30+N30 -> 97693
B31: 05.101 | C31: Tribunal de Justiça | D31: 02.061 | E31: 0006.0017 | F31: Justiça | G31: Implementação das Ações da Corregedoria Geral de Justiça | H31: 1 | I31: 1500 | J31: Recursos não Vinculados de Impostos | K31: 3 | N31: ='ElementaçãoTesouro 2027'!G73 -> 196154 | O31: =L31+M31+N31 -> 196154
B32: 05.101 | C32: Tribunal de Justiça | D32: 02.061 | E32: 0006.0017 | F32: Justiça | G32: Implementação das Ações da Corregedoria Geral de Justiça | H32: 1 | I32: 1500 | J32: Recursos não Vinculados de Impostos | K32: 4 | N32: ='ElementaçãoTesouro 2027'!G74 -> 128146 | O32: =L32+M32+N32 -> 128146
B33: 05.401 | C33: Fundo Especial de Recursos de Despesas | D33: 02.061 | E33: 0006.0010 | F33: Justiça | G33: Construção de Unidades do Poder Judiciário | H33: 1 | I33: 1760 | J33: Recursos de Emolumentos, Taxas e Custas | K33: 4 | N33: ='Elementação FERD 2027'!F116 -> 55400 | O33: =L33+M33+N33 -> 55400
B34: 05.401 | C34: Fundo Especial de Recursos de Despesas | D34: 02.061 | E34: 0006.0005 | F34: Justiça | G34: Ampliação de Unidades do Poder Judiciário | H34: 1 | I34: 1760 | J34: Recursos de Emolumentos, Taxas e Custas | K34: 4 | N34: ='Elementação FERD 2027'!F108 -> 55400 | O34: =L34+M34+N34 -> 55400
B35: 05.401 | C35: Fundo Especial de Recursos de Despesas | D35: 02.061 | E35: 0006.0011 | F35: Justiça | G35: Reforma de Unidades do Poder Judiciário | H35: 1 | I35: 1760 | J35: Recursos de Emolumentos, Taxas e Custas | K35: 3 | N35: ='Elementação FERD 2027'!F125 -> 1000000 | O35: =L35+M35+N35 -> 1000000
B36: 05.401 | C36: Fundo Especial de Recursos de Despesas | D36: 02.061 | E36: 0006.0004 | F36: Justiça | G36: Prestação Jurisdicional do 1º Grau | H36: 1 | I36: 1759 | J36: Recursos Vinculados a Fundos | K36: 3 | L36: ='Elementação FERD 2027'!F37 -> 49505 | O36: =L36+M36+N36 -> 49505
B37: 05.401 | C37: Fundo Especial de Recursos de Despesas | D37: 02.061 | E37: 0006.0004 | F37: Justiça | G37: Prestação Jurisdicional do 1º Grau | H37: 1 | I37: 1759 | J37: Recursos Vinculados a Fundos | K37: 4 | L37: ='Elementação FERD 2027'!F38 -> 0 | O37: =L37+M37+N37 -> 0
B38: 05.401 | C38: Fundo Especial de Recursos de Despesas | D38: 02.061 | E38: 0006.0004 | F38: Justiça | G38: Prestação Jurisdicional do 1º Grau | H38: 1 | I38: 1760 | J38: Recursos de Emolumentos, Taxas e Custas | K38: 3 | L38: ='Elementação FERD 2027'!F40 -> 17047615 | O38: =L38+M38+N38 -> 17047615
B39: 05.401 | C39: Fundo Especial de Recursos de Despesas | D39: 02.061 | E39: 0006.0004 | F39: Justiça | G39: Prestação Jurisdicional do 1º Grau | H39: 1 | I39: 1760 | J39: Recursos de Emolumentos, Taxas e Custas | K39: 4 | L39: ='Elementação FERD 2027'!F41 -> 166210 | O39: =L39+M39+N39 -> 166210
B40: 05.401 | C40: Fundo Especial de Recursos de Despesas | D40: 02.122 | E40: 0040.0135 | F40: Gestão e Manutenção do TJ | G40: Manutenção dos Serviços Administrativos | H40: 1 | I40: 1759 | J40: Recursos Vinculados a Fundos | K40: 3 | N40: ='Elementação FERD 2027'!F198 -> 3037857 | O40: =L40+M40+N40 -> 3037857
B41: 05.401 | C41: Fundo Especial de Recursos de Despesas | D41: 02.122 | E41: 0040.0135 | F41: Gestão e Manutenção do TJ | G41: Manutenção dos Serviços Administrativos | H41: 1 | I41: 1760 | J41: Recursos de Emolumentos, Taxas e Custas | K41: 3 | N41: ='Elementação FERD 2027'!F200 -> 30206802 | O41: =L41+M41+N41 -> 30206802
B42: 05.401 | C42: Fundo Especial de Recursos de Despesas | D42: 02.122 | E42: 0006.0012 | F42: Justiça | G42: Aparelhamento das Unidades do Poder Judiciário | H42: 1 | I42: 1760 | J42: Recursos de Emolumentos, Taxas e Custas | K42: 4 | N42: ='Elementação FERD 2027'!F159 -> 1000000 | O42: =L42+M42+N42 -> 1000000
B43: 05.401 | C43: Fundo Especial de Recursos de Despesas | D43: 02.061 | E43: 0006.0006 | F43: Justiça | G43: Prestação Jurisdicional do 2º Grau | H43: 1 | I43: 1760 | J43: Recursos de Emolumentos, Taxas e Custas | K43: 3 | M43: ='Elementação FERD 2027'!F74 -> 505584 | O43: =L43+M43+N43 -> 505584
B44: 05.401 | C44: Fundo Especial de Recursos de Despesas | D44: 02.061 | E44: 0006.0006 | F44: Justiça | G44: Prestação Jurisdicional do 2º Grau | H44: 1 | I44: 1760 | J44: Recursos de Emolumentos, Taxas e Custas | K44: 4 | M44: ='Elementação FERD 2027'!F76 -> 110807 | O44: =L44+M44+N44 -> 110807
B45: 05.401 | C45: Fundo Especial de Recursos de Despesas | D45: 02.128 | E45: 0006.0009 | F45: Justiça | G45: Escola Judicial do Estado de Sergipe – EJUSE | H45: 1 | I45: 1759 | J45: Recursos Vinculados a Fundos | K45: 3 | N45: ='Elementação FERD 2027'!F290 -> 1621130 | O45: =L45+M45+N45 -> 1621130
B46: 05.401 | C46: Fundo Especial de Recursos de Despesas | D46: 02.128 | E46: 0006.0009 | F46: Justiça | G46: Escola Judicial do Estado de Sergipe – EJUSE | H46: 1 | I46: 1759 | J46: Recursos Vinculados a Fundos | K46: 4 | N46: ='Elementação FERD 2027'!F291 -> 90000 | O46: =L46+M46+N46 -> 90000
B47: 05.401 | C47: Fundo Especial de Recursos de Despesas | D47: 02.126 | E47: 0006.0003 | F47: Justiça | G47: Ampliação do Parque Computacional do Poder Judiciário | H47: 1 | I47: 1759 | J47: Recursos Vinculados a Fundos | K47: 3 | N47: ='Elementação FERD 2027'!F261 -> 100000 | O47: =L47+M47+N47 -> 100000
B48: 05.401 | C48: Fundo Especial de Recursos de Despesas | D48: 02.126 | E48: 0006.0003 | F48: Justiça | G48: Ampliação do Parque Computacional do Poder Judiciário | H48: 1 | I48: 1759 | J48: Recursos Vinculados a Fundos | K48: 4 | N48: ='Elementação FERD 2027'!F262 -> 0 | O48: =L48+M48+N48 -> 0
B49: 05.401 | C49: Fundo Especial de Recursos de Despesas | D49: 02.126 | E49: 0006.0003 | F49: Justiça | G49: Ampliação do Parque Computacional do Poder Judiciário | H49: 1 | I49: 1760 | J49: Recursos de Emolumentos, Taxas e Custas | K49: 3 | N49: ='Elementação FERD 2027'!F264 -> 0 | O49: =L49+M49+N49 -> 0
B50: 05.401 | C50: Fundo Especial de Recursos de Despesas | D50: 02.126 | E50: 0006.0003 | F50: Justiça | G50: Ampliação do Parque Computacional do Poder Judiciário | H50: 1 | I50: 1760 | J50: Recursos de Emolumentos, Taxas e Custas | K50: 4 | N50: ='Elementação FERD 2027'!F265 -> 2733720 | O50: =L50+M50+N50 -> 2733720
B51: 05.401 | C51: Fundo Especial de Recursos de Despesas | D51: 02.126 | E51: 0006.0008 | F51: Justiça | G51: Manutenção da Tecnologia e Informação | H51: 1 | I51: 1759 | J51: Recursos Vinculados a Fundos | K51: 3 | N51: ='Elementação FERD 2027'!F240 -> 36489 | O51: =L51+M51+N51 -> 36489
B52: 05.401 | C52: Fundo Especial de Recursos de Despesas | D52: 02.126 | E52: 0006.0008 | F52: Justiça | G52: Manutenção da Tecnologia e Informação | H52: 1 | I52: 1759 | J52: Recursos Vinculados a Fundos | K52: 4 | N52: ='Elementação FERD 2027'!F241 -> 0 | O52: =L52+M52+N52 -> 0
B53: 05.401 | C53: Fundo Especial de Recursos de Despesas | D53: 02.126 | E53: 0006.0008 | F53: Justiça | G53: Manutenção da Tecnologia e Informação | H53: 1 | I53: 1760 | J53: Recursos de Emolumentos, Taxas e Custas | K53: 3 | N53: ='Elementação FERD 2027'!F243 -> 15058381 | O53: =L53+M53+N53 -> 15058381
B54: 05.401 | C54: Fundo Especial de Recursos de Despesas | D54: 02.126 | E54: 0006.0008 | F54: Justiça | G54: Manutenção da Tecnologia e Informação | H54: 1 | I54: 1760 | J54: Recursos de Emolumentos, Taxas e Custas | K54: 4 | N54: ='Elementação FERD 2027'!F244 -> 0 | O54: =L54+M54+N54 -> 0
B55: 05.401 | C55: Fundo Especial de Recursos de Despesas | D55: 02.126 | E55: 0006.0124 | F55: Justiça | G55: Segurança da Informação e Cibernética do Poder Judiciário | H55: 1 | I55: 1760 | J55: Recursos de Emolumentos, Taxas e Custas | K55: 3 | N55: ='Elementação FERD 2027'!F275 -> 3500000 | O55: =L55+M55+N55 -> 3500000
B56: 05.401 | C56: Fundo Especial de Recursos de Despesas | D56: 02.126 | E56: 0006.0124 | F56: Justiça | G56: Segurança da Informação e Cibernética do Poder Judiciário | H56: 1 | I56: 1760 | J56: Recursos de Emolumentos, Taxas e Custas | K56: 4 | N56: ='Elementação FERD 2027'!F276 -> 0 | O56: =L56+M56+N56 -> 0
B57: 05.401 | C57: Fundo Especial de Recursos de Despesas | D57: 02.122 | E57: 0040.1296 | F57: Gestão e Manutenção do TJ | G57: Gestão e Manutenção Predial das Unidades do Poder Judiciário | H57: 1 | I57: 1759 | J57: Recursos Vinculados a Fundos | K57: 3 | N57: ='Elementação FERD 2027'!F137 -> 526650 | O57: =L57+M57+N57 -> 526650
B58: 05.401 | C58: Fundo Especial de Recursos de Despesas | D58: 02.122 | E58: 0040.1296 | F58: Gestão e Manutenção do TJ | G58: Gestão e Manutenção Predial das Unidades do Poder Judiciário | H58: 1 | I58: 1760 | J58: Recursos de Emolumentos, Taxas e Custas | K58: 3 | N58: ='Elementação FERD 2027'!F139 -> 8773100 | O58: =L58+M58+N58 -> 8773100
B59: 05.401 | C59: Fundo Especial de Recursos de Despesas | D59: 02.122 | E59: 0040.1297 | F59: Gestão e Manutenção do TJ | G59: Gestão e Manutenção das Ações de Segurança Intitucional do Poder Judiciário | H59: 1 | I59: 1760 | J59: Recursos de Emolumentos, Taxas e Custas | K59: 3 | N59: ='Elementação FERD 2027'!F149 -> 19698261 | O59: =L59+M59+N59 -> 19698261
B60: 05.101 | C60: Tribunal de Justiça | D60: 02.122 | E60: 0006.1210 | F60: Justiça | G60: Aparelhamento das Unidades do Poder Judiciário | H60: 1 | I60: 1500 | J60: Recursos não Vinculados de Impostos | K60: 4 | N60: ='ElementaçãoTesouro 2027'!G111 -> 1000 | O60: =L60+M60+N60 -> 1000
B61: 05.101 | C61: Tribunal de Justiça | D61: 02.061 | E61: 0006.1218 | F61: Justiça | G61: Modernização e Melhoramento das Edificações do PJ | H61: 1 | I61: 1500 | J61: Recursos não Vinculados de Impostos | K61: 4 | N61: ='ElementaçãoTesouro 2027'!G121 -> 1000 | O61: =L61+M61+N61 -> 1000
B62: 05.101 | C62: Tribunal de Justiça | D62: 02.126 | E62: 0006.1219 | F62: Justiça | G62: Modernização e Expansão da Infraestrutra de TI do PJ | H62: 1 | I62: 1500 | J62: Recursos não Vinculados de Impostos | K62: 4 | N62: ='ElementaçãoTesouro 2027'!G131 -> 1000 | O62: =L62+M62+N62 -> 1000
B63: 05.101 | C63: Tribunal de Justiça | D63: 02.061 | E63: 0006.1302 | F63: Justiça | G63: Manutenção das Atividades da Coordenadoria da Infância e da Juventude | H63: 1 | I63: 1500 | J63: Recursos não Vinculados de Impostos | K63: 3 | L63: ='ElementaçãoTesouro 2027'!G186 -> 120000 | O63: =L63+M63+N63 -> 120000
B64: 05.101 | C64: Tribunal de Justiça | D64: 02.061 | E64: 0006.1303 | F64: Justiça | G64: Manutenção das Atividades da Coordenadoria da Mulher | H64: 1 | I64: 1500 | J64: Recursos não Vinculados de Impostos | K64: 3 | L64: ='ElementaçãoTesouro 2027'!G192 -> 150000 | O64: =L64+M64+N64 -> 150000
B65: 05.101 | C65: Tribunal de Justiça | D65: 02.061 | E65: 0006.1304 | F65: Justiça | G65: Manutenção das Atividades da Justiça Restaurativa - NUPEJURE | H65: 1 | I65: 1500 | J65: Recursos não Vinculados de Impostos | K65: 3 | L65: ='ElementaçãoTesouro 2027'!G174 -> 20000 | O65: =L65+M65+N65 -> 20000
B66: 05.101 | C66: Tribunal de Justiça | D66: 02.061 | E66: 0006.1305 | F66: Justiça | G66: Manutenção das Atividades do Núcleo Permanente de Métodos Consensuais de Solução e Conflito - NUPEMEC | H66: 1 | I66: 1500 | J66: Recursos não Vinculados de Impostos | K66: 3 | L66: ='ElementaçãoTesouro 2027'!G180 -> 120000 | O66: =L66+M66+N66 -> 120000
B67: Total das Dotações para Despesas Discricionárias | L67: =SUM(L27:L66) -> 28666330 | M67: =SUM(M27:M66) -> 4688391 | N67: =SUM(N27:N66) -> 90364183 | O67: =SUM(O27:O66) -> 1.237189e+08
B68: Total | L68: =L25+L67 -> 632417612 | M68: =M25+M67 -> 121450551 | N68: =N25+N67 -> 3.6929924e+08 | O68: =O25+O67 -> 1.1231674e+09
C69: (1) O preenchimanto desta coluna é de caráter excepcional. Ocorre quando a dotação atender a ambos os graus de jurisdição sem possibilidade de detalhamento.
C70: (2) Despesas obrigatórias: Decorrentes de obrigações constitucionais e legais, tais como: Pessoal e encargos sociais, benefícios (alimentação, transporte, pré-escola e assistência médica) e sentenças judicias.
B71: Obs.: | C71: A publicação deste QDD é exigida quando a identificação das dotações por grau de jurisdição não for feita na Proposta Orçamentária e na Lei Orçamentária Anual (Res. 195, art. 2º, § 2º).
